 Dungeon Crawl Stone Soup version 0.27.1-3-gb3d3a73c9e (webtiles) character file.

Game seed: 226306218586725555

9 Descartes the Sneak (level 2, 0/16 HPs)
             Began as a Spriggan Delver on Oct 18, 2021.
             Slain by a centaur (2 damage)
             ... on level 5 of the Dungeon.
             The game lasted 00:00:39 (96 turns).

Descartes the Sneak (Spriggan Delver)                 Turns: 96, Time: 00:00:39

Health: 0/16       AC:  2    Str:  8    XL:     2   Next: 6%
Magic:  3/3        EV: 17    Int: 11    God:
Gold:   11         SH:  0    Dex: 16    Spells: 1/1 levels left

rFire    . . .     SeeInvis +   a - +0 short sword
rCold    . . .     Faith    .   (shield restricted)
rNeg     . . .     Spirit   .   b - +0 robe
rPois    .         Reflect  .   (helmet restricted)
rElec    .         Harm     .   (no cloak)
rCorr    .         Rampage  .   (gloves unavailable)
Will     .....                  (boots unavailable)
Stlth    ++++......             (no amulet)
HPRegen  0.05/turn              (no ring)
MPRegen  0.08/turn              (no ring)

@: very quick
A: very small, no large weapons, unfitting armour, see invisible, speed 3
a: no special abilities


You were on level 5 of the Dungeon.
You visited 1 branch of the dungeon, and saw 2 of its levels.

You collected 11 gold pieces.

Inventory:

Hand Weapons
 a - a +0 short sword (weapon)
Armour
 b - a +0 robe (worn)
Wands
 g - a wand of digging (3)
Scrolls
 c - a scroll of fog
 d - a scroll of magic mapping
 e - 2 scrolls of fear
Potions
 f - a potion of haste


   Skills:
 + Level 2.5 Fighting
 + Level 2.4 Short Blades
 + Level 3.0 Dodging
 + Level 7.4 Stealth


You had one spell level left.
You didn't know any spells.
Your spell library was empty.

Dungeon Overview and Level Annotations

Branches:
Dungeon (5/15)
 Temple: D:4-7

Altars:


Innate Abilities, Weirdness & Mutations

You are very small and have problems with some larger weapons.
You are too small for most types of armour.
You have supernaturally acute eyesight. (SInv)
You cover ground extremely quickly. (Speed+++)


Message History

There is a stone staircase leading down here.
You climb downwards.
There is a stone staircase leading up here.
The centaur wields a +0 shortbow.
The centaur shoots an arrow.
The arrow closely misses you.
The centaur shoots an arrow.
The arrow closely misses you.
The centaur shoots an arrow.
The arrow hits you!
The centaur shoots an arrow.
The arrow barely misses you.
A howler monkey skeleton comes into view.
The centaur shoots an arrow.
The arrow barely misses you.
The centaur unwields a +0 shortbow.
The centaur closely misses you.
The centaur kicks you but does no damage.
You completely miss the centaur. The centaur closely misses you.
The centaur completely misses you. The centaur hits you.
The centaur barely misses you.
You hit the centaur.
The centaur is lightly wounded.
The centaur hits you but does no damage.
The centaur kicks you.
* * * LOW HITPOINT WARNING * * *
You completely miss the centaur.
The centaur is lightly wounded.
The centaur barely misses you. x2
You hit the centaur.
The centaur is lightly wounded.
The centaur barely misses you. x2; The centaur misses you.
The centaur closely misses you.
You closely miss the centaur.
The centaur is lightly wounded.
The centaur misses you. The centaur barely misses you.
You closely miss the centaur.
The centaur is lightly wounded.
The centaur completely misses you. x2; The centaur hits you.
* * * LOW HITPOINT WARNING * * *
The centaur kicks you.
* * * LOW HITPOINT WARNING * * *
You barely miss the centaur.
The centaur is lightly wounded.
The centaur hits you.
You die...

#....#..........#.........
#....#..........#.........
#....+..........#.........
#.....P≈.≈cP....#.........
#.....#≈.≈#.....#.........
#....PP≈.≈PP....#.....#
#.....P≈.≈P...(.+.....#
###..P#≈.≈#P#'###.....#
..#...P≈.≈.P...c@.....#
..#..)P≈.≈P...........#
..#...#≈.≈#P..........#
..#....≈.≈.P<.........#
..#+..P≈.≈............#
##....#≈.≈#.#####.....#
#...##≈.≈###>..#######
#..##≈≈(≈≈##....#
#..#≈≈...≈≈#....#


You could see a centaur.

Vanquished Creatures
  An adder (D:5)
1 creature vanquished.

Vanquished Creatures (others)
  2 plants (D:5)
2 creatures vanquished.

Grand Total: 3 creatures vanquished

Notes
Turn   | Place    | Note
-------+----------+-------------------------------------------
     0 | D:5      | Descartes the Spriggan Delver began the quest for the Orb.
     0 | D:5      | Reached XP level 1. HP: 11/11 MP: 2/2
    18 | D:5      | Reached XP level 2. HP: 16/16 MP: 3/3
    56 | D:5      | Noticed a centaur
    96 | D:5      | Slain by a centaur

Illustrated notes

Levels and vault maps discovered:
D:4:      cheibrodos_thug_alley, layout_loops_ring, uniq_edmund
D:5:      layout_gridville, nicolae_elyvilon_temple_path,
          minmay_temple_entry_hall

Skill      XL: |  1 |
---------------+----+-----
Dodging        | 3 |  3.0
Fighting       | |  2.5
Short Blades   | |  2.4
Stealth        | |  7.4

Action                   || total
-------------------------++-------
Melee: Short sword       ||     8
 Stab: Sleeping          ||     1
Armor: Robe              ||     2
Dodge: Dodged            ||    21
